 Dungeon Crawl Stone Soup version 0.28.0-43-g3370ac3207 (webtiles) character file.

Game seed: 11730552694666404160

1900 MisterFreud the Cutter (level 9, -2/73 HPs)
             Began as a Gnoll Cinder Acolyte on Mar 16, 2022.
             Was a High Priest of Ignis.
             Slain by a two-headed ogre
             ... wielding a +0 giant club
              (19 damage)
             ... on level 8 of the Dungeon.
             The game lasted 00:09:15 (8011 turns).

MisterFreud the Cutter (Gnoll Cinder Acolyte)       Turns: 8011, Time: 00:09:15

Health: -2/73      AC:  8    Str: 14    XL:     9   Next: 15%
Magic:  6/16       EV: 12    Int: 17    God:    Ignis [*****.]
Gold:   432        SH:  0    Dex:  8    Spells: 15/17 levels left

rFire   + . .      SeeInvis .   a - -1 short sword (flame)
rCold   . . .      Faith    .   (no shield)
rNeg    . . .      Spirit   .   C - +2 leather armour {rPois}
rPois   +          Reflect  .   v - +2 helmet
rElec   .          Harm     .   (no cloak)
rCorr   +          Rampage  .   (no gloves)
Will    .....                   (no boots)
Stlth   ++........              (no amulet)
HPRegen 0.22/turn               u - ring of resist corrosion
MPRegen 0.15/turn               (no ring)

@: very slightly contaminated, studying Polearms
A: fangs 1, strong nose, distributed training
a: Renounce Religion, Fiery Armour, Foxfire Swarm, Rising Flame


You were on level 8 of the Dungeon.
You worshipped Ignis.
Ignis was extremely pleased with you.
You visited 1 branch of the dungeon, and saw 8 of its levels.

You collected 432 gold pieces.

Inventory:

Hand Weapons
 a - a -1 short sword of flaming (weapon)
 y - a +0 rapier
Missiles
 e - 4 javelins (quivered)
 t - 12 poisoned darts
Armour
 b - a +0 robe
 v - a +2 helmet (worn)
 C - a +2 leather armour of poison resistance (worn)
Jewellery
 u - a ring of resist corrosion (left hand)
 F - an amulet of regeneration
Wands
 o - a wand of flame (26)
 G - a wand of polymorph (10)
Scrolls
 c - 5 scrolls of blinking
 d - 2 scrolls of teleportation {unknown}
 f - a scroll of enchant armour {unknown}
 i - a scroll of acquirement {unknown}
 j - 2 scrolls of magic mapping {unknown}
 m - 2 scrolls of fog {unknown}
 n - a scroll of amnesia {unknown}
 p - 3 scrolls of enchant weapon {unknown}
 x - a scroll of fear {unknown}
 E - 2 scrolls of vulnerability {unknown}
 H - a scroll of noise {unknown}
Potions
 g - 3 potions of might
 h - 3 potions of flight
 k - 3 potions of mutation
 l - a potion of heal wounds
 q - a potion of brilliance {unknown}
 r - 2 potions of resistance {unknown}
 s - a potion of lignification {unknown}
 w - 2 potions of attraction {unknown}
 z - a potion of curing {unknown}
 A - 3 potions of berserk rage {unknown}
 B - a potion of degeneration {unknown}
 D - a potion of ambrosia {unknown}


   Skills:
 + Level 7.7 Fighting
 + Level 7.7 Short Blades
 + Level 4.0 Long Blades
 + Level 4.0 Axes
 + Level 4.0 Maces & Flails
 + Level 4.1 Polearms
 + Level 4.0 Staves
 + Level 4.0 Slings
 + Level 4.0 Bows
 + Level 4.0 Crossbows
 + Level 4.0 Throwing
 + Level 4.0 Armour
 + Level 4.0 Dodging
 + Level 4.0 Stealth
 + Level 4.0 Shields
 + Level 4.0 Unarmed Combat
 + Level 4.9 Spellcasting
 + Level 3.2 Conjurations
 + Level 3.2 Hexes
 + Level 3.2 Summonings
 + Level 3.2 Necromancy
 + Level 3.2 Translocations
 + Level 3.2 Transmutations
 + Level 6.4 Fire Magic
 + Level 3.2 Ice Magic
 + Level 3.2 Air Magic
 + Level 3.2 Earth Magic
 + Level 3.2 Poison Magic
 + Level 4.3 Invocations
 + Level 4.0 Evocations


You had 15 spell levels left.
You knew the following spells:

 Your Spells              Type           Power      Damage    Failure   Level
a - Scorch                Fire           52%        2d7       1%          2

Your spell library contained the following spells:

 Spells                   Type           Power      Damage    Failure   Level
 Foxfire                  Conj/Fire      80%        2x1d8     2%          1
 Sublimation of Blood     Necr           15%        N/A       7%          2
 Wereblood                Tmut           15%        N/A       7%          2
 Conjure Flame            Conj/Fire      20%        6-21      7%          3
 Inner Flame              Hex/Fire       20%        N/A       7%          3
 Ignite Poison            Fire/Tmut/Pois 18%        N/A       9%          3
 Mephitic Cloud           Conj/Pois/Air  15%        N/A       14%         3
 Flame Wave               Conj/Fire      20%        2d7       24%         4
 Summon Ice Beast         Ice/Summ       15%        N/A       41%         4
 Freezing Cloud           Conj/Ice/Air   7%         6-21      77%         5
 Summon Mana Viper        Hex/Summ       15%        N/A       77%         5
 Monstrous Menagerie      Summ           7%         N/A       100%        7
 Summon Hydra             Summ           7%         N/A       100%        7


Dungeon Overview and Level Annotations

Branches:
Dungeon (8/15)             Temple (0/1) D:5
   Lair: D:8-11

Altars:
Gozag
Qazlal
Ru

Shops:
D:4 *


Innate Abilities, Weirdness & Mutations

You have very sharp teeth.
Your uncanny sense of smell can sniff out nearby items.
Your experience applies equally to all skills.


Message History

A two-headed ogre comes into view.
It is wielding a +0 giant club and a +0 giant spiked club.
A two-headed ogre is nearby!
A two-headed ogre is nearby!
A two-headed ogre is nearby!
The two-headed ogre shouts in stereo!
You hear a howl!
You see here 22 gold pieces.
Casting: Scorch (safe; 1% risk of failure)
Confirm with . or Enter, or press ? or * to list all spells.
Flames lash the two-headed ogre.
The two-headed ogre is lightly wounded.
The two-headed ogre's fire resistance burns away.
Casting: Scorch (safe; 1% risk of failure)
Confirm with . or Enter, or press ? or * to list all spells.
You miscast Scorch.
You are very lightly contaminated with residual magic.
Nothing appears to happen.
Casting: Scorch (safe; 1% risk of failure)
Confirm with . or Enter, or press ? or * to list all spells.
Flames lash the two-headed ogre.
The two-headed ogre is burned terribly!
The two-headed ogre is moderately wounded.
The two-headed ogre barely misses you.
The two-headed ogre hits you with a +0 giant spiked club.
A howler monkey comes into view.
Casting: Scorch (safe; 1% risk of failure)
Confirm with . or Enter, or press ? or * to list all spells.
Flames lash the two-headed ogre.
The two-headed ogre is burned terribly!
The two-headed ogre is moderately wounded.
The howler monkey howls!
The two-headed ogre hits you with a +0 giant club!
The two-headed ogre hits you with a +0 giant spiked club!!
The howler monkey hoots and howls with incredible vigour!
You hear a shout! x4
Casting: Scorch (safe; 1% risk of failure)
Confirm with . or Enter, or press ? or * to list all spells.
Flames lash the two-headed ogre.
The two-headed ogre is burned terribly!
The two-headed ogre is severely wounded.
The two-headed ogre hits you with a +0 giant club!!
* * * LOW HITPOINT WARNING * * *
The two-headed ogre hits you with a +0 giant spiked club!!
You die...

#....#.... #..h.#...∆
#........ ..#......
#.#...... #.......#
### #.....O# #.#
#.....@# #.# #......#
##.##### #......#
#......#
##.....######......##
#.....#.......#.#..###
#.....#.##.#..........
##..###.##.#..#.#.....
##>....##............
#####.##.###..#.....


You could see a two-headed ogre (combustible) and a howler monkey.

Vanquished Creatures
  A slime creature (D:7)
  Eustachio (D:6)
  2 water moccasins
  A necrophage (D:5)
  An ice beast (D:7)
  A sky beast (D:6)
  An ogre (D:4)
  2 centaurs (D:6)
  A kobold brigand (D:7)
  2 bullfrogs
  3 scorpions
  A howler monkey (D:4)
  A centaur zombie (D:5)
  5 iguanas
  Ijyb (D:3)
  2 orc wizards
  A howler monkey zombie (D:7)
  2 howler monkey skeletons
  A gnoll (D:7)
  4 adders
  An ufetubus (D:6)
  An adder skeleton (D:4)
  A worm (D:4)
  A dart slug (D:2)
  10 orcs
  6 endoplasms
  10 giant cockroaches
  9 goblins
  7 hobgoblins
  A jackal (D:3)
  8 kobolds
  5 quokkas
  6 ball pythons
  4 bats
  2 frilled lizards
  5 rats
111 creatures vanquished.

Vanquished Creatures (others)
  An orc (D:6)
1 creature vanquished.

Grand Total: 112 creatures vanquished

Notes
Turn   | Place    | Note
-------+----------+-------------------------------------------
     0 | D:1      | MisterFreud the Gnoll Cinder Acolyte began the quest for
                  | the Orb.
     0 | D:1      | Reached XP level 1. HP: 23/23 MP: 4/4
   689 | D:1      | Reached XP level 2. HP: 27/29 MP: 5/5
   692 | D:1      | Learned a level 2 spell: Scorch
  1026 | D:2      | Reached XP level 3. HP: 23/35 MP: 1/7
  1197 | D:2      | Found a faded altar of an unknown god.
  1476 | D:2      | Reached skill level 1 in Invocations
  1804 | D:2      | Reached skill level 1 in Long Blades
  1804 | D:2      | Reached skill level 1 in Axes
  1804 | D:2      | Reached skill level 1 in Maces & Flails
  1804 | D:2      | Reached skill level 1 in Polearms
  1804 | D:2      | Reached skill level 1 in Staves
  1804 | D:2      | Reached skill level 1 in Slings
  1804 | D:2      | Reached skill level 1 in Bows
  1804 | D:2      | Reached skill level 1 in Crossbows
  1804 | D:2      | Reached skill level 1 in Throwing
  1804 | D:2      | Reached skill level 1 in Armour
  1804 | D:2      | Reached skill level 1 in Dodging
  1804 | D:2      | Reached skill level 1 in Stealth
  1804 | D:2      | Reached skill level 1 in Shields
  1804 | D:2      | Reached skill level 1 in Unarmed Combat
  1804 | D:2      | Reached skill level 1 in Evocations
  1983 | D:2      | Reached XP level 4. HP: 41/41 MP: 5/8
  2424 | D:3      | Reached skill level 1 in Conjurations
  2424 | D:3      | Reached skill level 1 in Hexes
  2424 | D:3      | Reached skill level 1 in Summonings
  2424 | D:3      | Reached skill level 1 in Necromancy
  2424 | D:3      | Reached skill level 1 in Translocations
  2424 | D:3      | Reached skill level 1 in Transmutations
  2424 | D:3      | Reached skill level 1 in Ice Magic
  2424 | D:3      | Reached skill level 1 in Air Magic
  2424 | D:3      | Reached skill level 1 in Earth Magic
  2424 | D:3      | Reached skill level 1 in Poison Magic
  2640 | D:3      | Noticed Ijyb
  2649 | D:3      | Killed Ijyb
  2650 | D:3      | Reached XP level 5. HP: 34/47 MP: 2/9
  3638 | D:4      | Reached XP level 6. HP: 44/53 MP: 1/10
  3984 | D:4      | Found Gozag's Platinum Reserve.
  4532 | D:4      | Found an opulent altar of Gozag.
  4635 | D:5      | Entered Level 5 of the Dungeon
  4706 | D:5      | Reached XP level 7. HP: 49/59 MP: 5/12
  5015 | D:5      | Found a staircase to the Ecumenical Temple.
  5403 | D:5      | Found a sacrificial altar of Ru.
  6038 | D:6      | Noticed Eustachio
  6077 | D:6      | Reached XP level 8. HP: 47/67 MP: 2/14
  6379 | D:6      | Killed Eustachio
  6520 | D:6      | Identified the +3 chain mail of Toorch {rPois}
  7502 | D:7      | Found a stormy altar of Qazlal.
  7593 | D:7      | Reached XP level 9. HP: 66/72 MP: 5/16
  8003 | D:8      | Noticed a two-headed ogre
  8011 | D:8      | Slain by a two-headed ogre

Illustrated notes

Levels and vault maps discovered:
D:1:      dpeg_arrival_rooms_c, layout_basic, serial_bayou_pond_c
D:2:      layout_basic, ebering_ecumenical_altar_sacrificial, minmay_between
D:3:      layout_basic, kennysheep_generic_room_14, uniq_ijyb
D:4:      layout_loops_ring, nicolae_gozag_zags_fifth_avenue
D:5:      layout_loops_ring, amcnicky_altar_gilded,
          minmay_temple_entry_stoned_glass, dk_rats_in_the_wall
D:6:      layout_rooms, uniq_eustachio
D:7:      layout_basic, grunt_qazlal_clouds, mainiacjoe_overflow_alcove_4
D:8:      layout_basic, serial_glass, glass_columns_a, glass_columns_a,
          item_on_display_a, item_on_display_a

Skill      XL: |  1  2  3  4  5  6  7  8  9 |
---------------+----------------------------+-----
Invocations    | 1 2 3 4 |  4.3
Long Blades    | 1 2 3 4 |  4.0
Axes           | 1 2 3 4 |  4.0
Maces & Flails | 1 2 3 4 |  4.0
Polearms       | 1 2 3 4 |  4.1
Staves         | 1 2 3 4 |  4.0
Slings         | 1 2 3 4 |  4.0
Bows           | 1 2 3 4 |  4.0
Crossbows      | 1 2 3 4 |  4.0
Throwing       | 1 2 3 4 |  4.0
Armour         | 1 2 3 4 |  4.0
Dodging        | 1 2 3 4 |  4.0
Stealth        | 1 2 3 4 |  4.0
Shields        | 1 2 3 4 |  4.0
Unarmed Combat | 1 2 3 4 |  4.0
Evocations     | 1 2 3 4 |  4.0
Spellcasting   | 3 4 |  4.9
Conjurations   | 1 2 3 |  3.2
Hexes          | 1 2 3 |  3.2
Summonings     | 1 2 3 |  3.2
Necromancy     | 1 2 3 |  3.2
Translocations | 1 2 3 |  3.2
Transmutations | 1 2 3 |  3.2
Ice Magic      | 1 2 3 |  3.2
Air Magic      | 1 2 3 |  3.2
Earth Magic    | 1 2 3 |  3.2
Poison Magic   | 1 2 3 |  3.2
Fighting       | 7 |  7.7
Short Blades   | 7 |  7.7
Fire Magic     | 6 |  6.4

Action                   |  1- 3 |  4- 6 |  7- 9 || total
-------------------------+-------+-------+-------++-------
Melee: Short sword       |    57 |    42 |   116 ||   215
       Bite              |     7 |     2 |    13 ||    22
       Punch             |     1 |       |     6 ||     7
 Cast: Scorch            |    30 |    52 |    98 ||   180
  Use: Scroll            |       |     3 |       ||     3
       Potion            |       |       |     2 ||     2
Armor: Robe              |    21 |     2 |    66 ||    89
       Leather armour    |       |       |    18 ||    18
Dodge: Dodged            |    37 |    21 |   129 ||   187
